Map: 자가나타 - 래더

Players

Stats - Winner!

  • Race: Protoss Protoss
  • Spawn Location: 7:00

Reynor

  • Race: Zerg Zerg
  • Spawn Location: 1:00

Event: StayAtHome Story Cup #3

VOD

Have the link to the VOD?

Description

Time

  • Played on: March 12, 2021, 8:42 a.m.
  • Length: 21:38

All games in this series

Show
View Real Time Build Order
Export as new Build Order

Stats Protoss - Winner!

Build Orders: Carriers 

Get SALT Encoding   

  12  0:00  Probe  
  13  0:13  Pylon  
  13  0:19  Probe (Chrono Boost)  
  14  0:26  Probe (Chrono Boost)  
  15  0:33  Probe  
  16  0:39  Gateway  
  16  0:45  Probe  
  16  0:49  Assimilator  
  17  0:57  Probe  
  18  1:09  Probe  
  19  1:15  Pylon  
  19  1:21  Probe  
  19  1:23  Pylon  
  20  1:25  Zealot (Chrono Boost)  
  20  1:30  Cybernetics Core  
  22  1:33  Probe  
  22  1:38  Gateway  
  23  1:44  Zealot (Chrono Boost)  
  25  1:48  Probe  
  26  2:08  Adept (Chrono Boost)  
  28  2:20  Warp Gate  
  28  2:26  Nexus  
  28  2:35  Adept  
  30  2:40  Adept  
  28  2:47  Pylon  
  28  2:51  Probe  
  29  2:54  Assimilator  
  29  3:03  Probe  
  30  3:15  Probe, Stalker  
  33  3:27  Probe (Chrono Boost)  
  34  3:37  Probe (Chrono Boost)  
  34  3:39  Probe (Chrono Boost)  
  36  3:47  Probe x2 (Chrono Boost)  
  38  3:52  Probe (Chrono Boost)  
  38  3:53  Probe  
  44  4:04  Probe  
  44  4:05  Probe  
  42  4:13  Sentry x2  
  42  4:15  Nexus  
  42  4:16  Probe  
  41  4:17  Pylon  
  41  4:18  Probe (Chrono Boost)  
  41  4:21  Gateway  
  42  4:25  Phoenix  
  42  4:28  Probe (Chrono Boost), Gateway  
  44  4:36  Probe (Chrono Boost), Sentry  
  44  4:37  Sentry  
  49  4:39  Probe (Chrono Boost)  
  49  4:41  Assimilator  
  49  4:43  Probe (Chrono Boost), Assimilator  
  49  4:45  Probe (Chrono Boost)  
  51  4:55  Forge  
  51  4:56  Twilight Council  
  53  5:00  Probe (Chrono Boost)  
  53  5:01  Probe (Chrono Boost)  
  53  5:04  Sentry  
  53  5:06  Probe (Chrono Boost)  
  56  5:07  Probe (Chrono Boost)  
  56  5:12  Phoenix  
  57  5:15  Pylon  
  57  5:16  Probe (Chrono Boost)  
  59  5:24  Probe (Chrono Boost)  
  59  5:27  Probe (Chrono Boost), Robotics Facility  
  60  5:31  Probe (Chrono Boost)  
  60  5:33  Blink, Shield Battery  
  63  5:36  Probe x2 (Chrono Boost)  
  63  5:38  Probe (Chrono Boost), Pylon  
  63  5:39  Protoss Ground Weapons Level 1 (Chrono Boost)  
  66  5:43  Probe x3 (Chrono Boost)  
  67  5:50  Gateway  
  67  5:52  Gateway  
  67  5:56  Probe (Chrono Boost)  
  70  5:59  Probe x2 (Chrono Boost)  
  70  6:05  Phoenix, Assimilator  
  70  6:06  Probe (Chrono Boost)  
  70  6:07  Assimilator  
  70  6:09  Probe x2 (Chrono Boost)  
  70  6:11  Probe (Chrono Boost)  
  73  6:12  Gateway  
  73  6:14  Sentry  
  73  6:16  Gateway  
  76  6:19  Probe x2  
  76  6:21  Pylon  
  76  6:22  Observer (Chrono Boost)  
  79  6:25  Gateway  
  79  6:26  Probe  
  79  6:30  Adept  
  79  6:31  Probe x2  
  84  6:36  Warp Prism (Chrono Boost)  
  86  6:41  Gateway  
  86  6:46  Stalker x2  
  90  6:49  Stalker  
  92  6:56  Stalker x3  
  98  7:06  Pylon  
  98  7:10  Pylon  
  98  7:11  Pylon  
  98  7:12  Pylon, Adept  
  98  7:14  Shield Battery  
  100  7:26  Stalker x4  
  108  7:30  Stalker x2  
  108  7:32  Stalker x2  
  116  7:45  Stalker x2  
  120  7:51  Observer  
  120  7:53  Stalker x3  
  126  8:01  Protoss Ground Weapons Level 2 (Chrono Boost)  
  124  8:16  Stalker x2  
  124  8:17  Stalker x2, Robotics Bay  
  132  8:20  Robotics Facility  
  132  8:26  Pylon  
  132  8:28  Pylon  
  132  8:30  Pylon  
  132  8:42  Pylon  
  132  8:43  Pylon  
  132  8:45  Pylon  
  132  8:47  Charge (Chrono Boost)  
  132  8:48  Zealot x4  
  144  8:56  Nexus  
  144  8:58  Photon Cannon, Pylon  
  144  9:00  Photon Cannon  
  144  9:04  Colossus x2 (Chrono Boost)  
  152  9:10  Pylon  
  152  9:13  Photon Cannon  
  152  9:21  Probe x2  
  152  9:22  Probe  
  152  9:23  Shield Battery  
  155  9:33  Probe  
  155  9:34  Probe x2  
  155  9:37  Photon Cannon  
  158  9:41  Photon Cannon, Shield Battery  
  158  9:42  Templar Archives  
  158  9:52  Disruptor x2  
  158  9:55  Gravitic Drive  
  164  10:06  Pylon  
  164  10:16  Protoss Air Weapons Level 1  
  164  10:19  Probe x4  
  164  10:20  Assimilator  
  168  10:24  Stargate  
  168  10:25  Assimilator  
  168  10:32  Stargate  
  168  10:33  Stargate  
  164  10:39  Psionic Storm  
  164  10:43  Disruptor x2  
  164  10:44  High Templar x2  
  164  10:45  High Templar x2  
  164  10:47  Shield Battery  
  164  10:49  Photon Cannon  
  178  10:51  Protoss Ground Weapons Level 3 (Chrono Boost)  
  178  10:52  Photon Cannon  
  178  10:53  Shield Battery  
  178  10:55  Photon Cannon  
  178  11:03  Zealot x5  
  178  11:04  Zealot  
  188  11:13  Fleet Beacon  
  188  11:17  Stargate  
  188  11:22  Photon Cannon  
  188  11:24  Shield Battery  
  188  11:57  Carrier x3 (Chrono Boost)  
  188  11:59  Carrier (Chrono Boost)  
  200  12:19  Cybernetics Core  
  200  12:22  Nexus, Protoss Air Weapons Level 2 (Chrono Boost)  
  200  12:23  Photon Cannon  
  200  12:24  Pylon  
  200  12:25  Shield Battery  
  180  12:56  Observer (Chrono Boost)  
  181  12:58  Gravitic Boosters  
  181  13:02  Observer  
  179  13:08  Protoss Air Armor Level 1 (Chrono Boost)  
  166  13:13  Carrier x3  
  166  13:15  Carrier  
  166  13:16  Zealot x4  
  196  13:36  Protoss Shields Level 1 (Chrono Boost)  
  196  13:38  Photon Cannon  
  196  13:39  Photon Cannon  
  186  13:41  Photon Cannon  
  186  13:43  Shield Battery x2  
  186  13:44  Mothership (Chrono Boost)  
  186  13:47  Assimilator  
  194  13:51  Assimilator  
  186  14:58  Nexus  
  186  14:59  Observer x2  
  188  15:02  Pylon  
  188  15:05  Protoss Air Armor Level 2 (Chrono Boost)  
  188  15:08  Protoss Air Weapons Level 3 (Chrono Boost)  
  186  15:20  Photon Cannon  
  186  15:21  Photon Cannon, Carrier (Chrono Boost)  
  186  15:22  Carrier (Chrono Boost)  
  186  15:23  Photon Cannon  
  186  15:25  Photon Cannon  
  186  15:27  Shield Battery  
  186  15:28  Shield Battery  
  198  15:31  Shield Battery  
  198  15:33  Shield Battery  
  190  15:37  Carrier x2 (Chrono Boost)  
  190  15:45  Photon Cannon  
  190  15:46  High Templar  
  190  15:47  High Templar  
  190  15:48  High Templar x2  
  190  15:49  High Templar  
  188  16:06  Warp Prism (Chrono Boost)  
  190  16:17  Assimilator  
  190  16:22  High Templar x4  
  198  16:28  Archon x2  
  198  16:45  Nexus  
  198  16:47  Pylon  
  198  16:48  Pylon  
  148  17:25  Zealot x5  
  148  17:26  Carrier x3  
  158  17:40  Archon  
  151  17:53  High Templar x6  
  159  18:05  Observer  
  158  18:13  Void Ray  
  160  18:23  Observer  
  160  18:24  Void Ray x3  
  158  18:31  High Templar x3  
  158  18:33  Zealot x3  
  159  18:51  Void Ray (Chrono Boost)  
  159  18:54  Gateway x2  
  159  18:55  Gateway, Flux Vanes  
  159  18:59  Warp Prism (Chrono Boost)  
  159  19:01  Warp Prism (Chrono Boost)  
  159  19:02  Void Ray (Chrono Boost)  
  165  19:05  Gateway  
  161  19:17  Zealot x5  
  161  19:18  Void Ray (Chrono Boost)  
  161  19:21  Void Ray (Chrono Boost)  
  179  19:42  Void Ray (Chrono Boost)  
  179  19:43  Void Ray (Chrono Boost)  
  187  19:49  Zealot x6  
  167  20:19  Nexus  
  167  20:20  Pylon  
  157  20:25  Void Ray x3  
  147  20:33  Void Ray  
  145  20:47  Observer  
  128  21:36  Assimilator  
Show
View Real Time Build Order
Export as new Build Order

Reynor Zerg 

Build Orders: Pool First, Lurkers 

Get SALT Encoding   

  12  0:17  Spawning Pool  
  11  0:22  Drone  
  11  0:26  Drone  
  13  0:31  Drone  
  14  0:40  Overlord  
  14  1:04  Zergling x4  
  14  1:05  Zergling x2  
  17  1:16  Zergling x2  
  18  1:22  Queen  
  20  1:31  Zergling x2  
  21  1:37  Hatchery  
  20  1:41  Zergling x2  
  21  1:49  Overlord  
  21  2:00  Drone  
  22  2:07  Queen  
  24  2:10  Drone  
  25  2:21  Drone  
  26  2:34  Drone  
  26  2:35  Drone  
  26  2:36  Drone x2  
  28  2:44  Extractor  
  25  2:45  Drone  
  25  2:49  Queen  
  25  2:51  Drone  
  29  2:54  Drone  
  30  2:59  Drone  
  31  3:06  Drone  
  32  3:17  Hatchery  
  31  3:21  Overlord  
  31  3:24  Zergling x2  
  32  3:27  Zergling x2  
  32  3:31  Drone  
  32  3:32  Drone  
  35  3:35  Drone  
  37  3:41  Zergling x2  
  37  3:46  Zergling x4  
  38  3:50  Drone  
  38  3:58  Drone  
  38  4:02  Drone  
  36  4:11  Drone, Overlord  
  36  4:12  Drone  
  36  4:18  Metabolic Boost  
  36  4:27  Overlord  
  36  4:28  Drone  
  36  4:29  Drone x2  
  36  4:30  Drone  
  40  4:35  Spore Crawler  
  40  4:38  Drone x2  
  41  4:39  Drone  
  41  4:42  Drone  
  44  4:48  Drone x2  
  44  4:51  Drone x3  
  44  4:52  Drone  
  50  4:53  Drone  
  50  4:57  Overlord  
  50  4:58  Drone  
  52  5:00  Drone  
  52  5:01  Drone  
  52  5:02  Drone  
  52  5:05  Drone  
  52  5:06  Drone  
  57  5:09  Overlord  
  57  5:11  Drone  
  58  5:16  Drone x2  
  58  5:19  Evolution Chamber  
  59  5:21  Overlord  
  59  5:22  Drone  
  59  5:23  Drone x2  
  59  5:24  Drone  
  59  5:25  Drone x2  
  59  5:27  Zergling x2  
  66  5:31  Lair  
  66  5:32  Zergling x2  
  67  5:36  Roach Warren  
  67  5:37  Zergling x2  
  67  5:38  Zergling x2  
  67  5:39  Drone  
  67  5:41  Extractor  
  68  5:43  Extractor  
  68  5:44  Drone  
  68  5:45  Drone  
  68  5:48  Drone x3  
  71  5:50  Drone  
  71  5:54  Overlord  
  71  5:55  Drone x2  
  74  5:57  Drone x2  
  74  6:01  Extractor  
  74  6:02  Extractor  
  74  6:03  Drone  
  75  6:07  Drone  
  75  6:08  Drone  
  77  6:13  Drone x2, Extractor, Hatchery  
  77  6:14  Drone x2  
  77  6:16  Overlord  
  79  6:19  Zerg Missile Weapons Level 1  
  79  6:23  Overlord  
  79  6:29  Drone x5, Spore Crawler  
  79  6:30  Drone, Overseer  
  79  6:32  Drone  
  85  6:33  Drone  
  85  6:34  Glial Reconstitution  
  86  6:40  Overlord  
  86  6:41  Roach  
  86  6:44  Roach x6  
  86  6:46  Roach  
  102  6:53  Overlord  
  103  6:54  Roach x2  
  103  7:04  Roach x2  
  103  7:06  Overlord  
  103  7:07  Roach x3  
  113  7:10  Extractor  
  113  7:11  Overlord  
  113  7:13  Roach x2  
  113  7:15  Spine Crawler, Ravager x2  
  114  7:16  Ravager  
  114  7:18  Zergling x4, Roach  
  114  7:21  Ravager  
  121  7:23  Spine Crawler  
  121  7:27  Spine Crawler, Ravager, Zergling x4, Roach  
  121  7:29  Zergling x6, Roach  
  129  7:34  Ravager  
  129  7:35  Queen  
  132  7:37  Overlord  
  132  7:38  Zergling x4, Roach  
  132  7:39  Zergling x2  
  132  7:44  Ravager x2, Overlord  
  138  7:48  Drone x2  
  138  7:49  Drone x4  
  140  7:59  Roach x2  
  140  8:02  Overlord  
  140  8:03  Ravager  
  143  8:08  Roach x6  
  151  8:14  Infestation Pit, Overlord  
  151  8:20  Drone  
  151  8:22  Overlord  
  151  8:23  Roach x4  
  159  8:28  Drone  
  159  8:29  Zerg Missile Weapons Level 2  
  159  8:31  Overlord x2  
  159  8:33  Overlord  
  160  8:39  Overlord  
  160  8:42  Roach x4  
  160  8:45  Extractor  
  160  8:46  Drone  
  160  8:47  Overlord  
  167  8:48  Drone, Hydralisk Den  
  167  8:51  Hive  
  167  8:52  Drone x3  
  167  8:55  Ravager  
  171  8:57  Roach  
  171  8:59  Drone x3  
  171  9:01  Overlord  
  171  9:02  Drone x2  
  178  9:04  Drone  
  178  9:13  Pneumatized Carapace  
  178  9:14  Overseer  
  178  9:19  Hydralisk x8, Lurker Den  
  178  9:23  Grooved Spines  
  193  9:39  Hydralisk x3  
  193  9:40  Spore Crawler x2  
  195  9:54  Hatchery  
  193  10:17  Lurker x7  
  193  10:18  Seismic Spines  
  200  10:21  Overlord  
  200  10:25  Overseer  
  198  10:42  Hatchery  
  196  10:43  Overlord  
  196  10:49  Zerg Missile Weapons Level 3, Viper  
  196  10:56  Spore Crawler x2  
  197  11:07  Viper x3  
  194  11:15  Adaptive Talons  
  194  11:19  Spine Crawler, Muscular Augments  
  194  11:20  Spine Crawler  
  192  11:26  Lurker x3  
  192  11:27  Lurker  
  192  11:31  Drone x2, Hatchery, Spine Crawler  
  192  11:32  Spine Crawler  
  195  11:35  Spine Crawler x3  
  195  11:36  Drone x6, Spine Crawler  
  195  11:37  Spine Crawler  
  196  11:48  Spine Crawler, Overseer  
  193  11:59  Hydralisk x5  
  198  12:38  Hatchery  
  198  12:41  Hydralisk x5  
  198  12:43  Lurker  
  196  12:52  Hydralisk  
  196  12:55  Lurker  
  192  13:08  Hydralisk x2  
  192  13:09  Hydralisk x5  
  193  13:28  Spire  
  193  13:29  Drone x2  
  193  13:30  Spire  
  193  13:33  Hydralisk x7  
  195  13:38  Extractor  
  195  13:39  Extractor, Hydralisk x3  
  199  13:42  Zerg Ground Armor Level 1  
  187  14:28  Drone x2  
  187  14:29  Drone  
  190  14:31  Overlord  
  187  14:42  Corruptor x13  
  187  14:44  Zerg Flyer Armor Level 1, Zerg Flyer Weapons Level 1  
  187  14:45  Corruptor x3  
  193  14:52  Overseer x2  
  199  14:53  Overseer x3  
  199  14:59  Spine Crawler, Spore Crawler  
  197  15:00  Spine Crawler  
  197  15:02  Spine Crawler  
  197  15:05  Spine Crawler, Spore Crawler  
  197  15:06  Spore Crawler x2, Corruptor x4  
  199  15:07  Spore Crawler x2  
  199  15:08  Spore Crawler  
  196  15:15  Hatchery  
  196  15:17  Lurker x3  
  196  15:19  Overseer  
  198  15:24  Lurker  
  199  15:34  Corruptor x2  
  199  15:35  Corruptor  
  199  15:37  Hydralisk x3  
  199  15:39  Zerg Ground Armor Level 2  
  199  16:17  Spore Crawler  
  199  16:18  Spore Crawler  
  197  16:28  Spore Crawler x2  
  197  16:30  Spore Crawler x2  
  197  16:31  Spore Crawler  
  197  16:32  Spore Crawler  
  191  16:33  Drone x8  
  199  16:43  Spore Crawler  
  199  16:44  Spore Crawler x4  
  199  16:45  Zerg Flyer Armor Level 2, Zerg Flyer Weapons Level 2  
  192  17:03  Extractor  
  192  17:05  Extractor  
  186  17:20  Hydralisk  
  186  17:21  Hydralisk x11  
  196  17:24  Corruptor  
  196  17:25  Corruptor x2  
  196  17:28  Hydralisk x5  
  200  17:42  Corruptor x4  
  198  17:44  Overlord x2  
  198  17:47  Corruptor x4  
  198  17:54  Drone x2  
  198  17:56  Corruptor x2  
  192  18:08  Corruptor x2  
  189  18:25  Lurker x4  
  173  18:39  Viper  
  173  18:40  Viper  
  174  18:53  Overlord  
  174  18:55  Drone x3  
  176  19:08  Overlord  
  176  19:12  Viper x2  
  179  19:20  Lurker x3  
  179  19:24  Lurker x2  
  184  19:26  Drone x2  
  186  19:35  Overlord  
  186  19:37  Overseer  
  186  19:40  Lurker x3  
  189  19:48  Corruptor  
  189  20:01  Corruptor x3  
  185  20:19  Corruptor  
  185  20:20  Corruptor x2  
  141  20:29  Corruptor x2  
  130  20:36  Infestor  
  109  20:50  Corruptor  
  109  20:55  Corruptor  
  111  21:04  Corruptor  
Tags
 
Add a new tag
Caveats
  • Supply blocks, unpowered buildings, or Contaminate may cause inaccurate times.
  • Supply counts are checked every 10 seconds.